 Dungeon Crawl Stone Soup version 0.32-a0-666-ge8a88695a4 (webtiles) character file.

Game seed: 7731484758127759601

56 dialectric the Sneak (level 3, -13/18 HPs)
             Began as a Spriggan Brigand on Mar 9, 2024.
             Shot with a bolt by an orc warrior (22 damage)
             ... on level 3 of the Dungeon.
             The game lasted 00:01:29 (1462 turns).

dialectric the Sneak (Spriggan Brigand)             Turns: 1462, Time: 00:01:30

Health: -13/18     AC:  3    Str:  7    XL:     3   Next: 71%
Magic:  4/4        EV: 17    Int: 12    God:
Gold:   144        SH:  0    Dex: 18    Spells: 2/2 levels left

rFire   . . .        a - +2 dagger
rCold   . . .        (no shield)
rNeg    . . .        b - +0 robe
rPois   .            (helmet restricted)
rElec   .            c - +0 cloak
rCorr   .            (gloves unavailable)
SInv    +            (boots unavailable)
Will    .....        (no amulet)
Stlth   +++          (no ring)
HPRegen 0.23/turn    (no ring)
MPRegen 0.09/turn

%: no passive effects
@: very quick
A: very small, no large weapons, unfitting armour, see invisible, speed 3
a: no special abilities


You were on level 3 of the Dungeon.
You visited 1 branch of the dungeon, and saw 3 of its levels.

You collected 144 gold pieces.

Inventory:

Hand Weapons
 a - a +2 dagger (weapon)
Missiles
 e - 3 curare-tipped darts
Armour
 b - a +0 robe (worn)
 c - a +0 cloak (worn)
 k - a +0 buckler
Jewellery
 g - a +5 ring of evasion
 h - a ring of willpower
 l - a ring of protection from cold
Scrolls
 f - 2 scrolls of noise {unknown}
 j - a scroll of fog {unknown}
Potions
 i - 2 potions of curing {unknown}
 m - a potion of resistance {unknown}


   Skills:
 + Level 2.0 Fighting
 + Level 2.8 Short Blades
 + Level 2.5 Throwing
 + Level 2.4 Dodging
 + Level 6.4 Stealth


You had 2 spell levels left.
You didn't know any spells.
Your spell library was empty.

Dungeon Overview and Level Annotations

Branches:
Dungeon (3/15)

Altars:

Shops:
D:2 [


Innate Abilities, Weirdness & Mutations

You are very small and have problems with some larger weapons.
You are too small for most types of armour.
You have supernaturally acute eyesight. (SInv)
You cover ground extremely quickly. (Speed+++)


Message History

The orc warrior shoots a bolt.
The bolt hits you.
Unknown command.
You kill the orc!
Throw: 6 darts (poison)
Press: ? - help, Q - select action, (/) - cycle Shift-Dir - straight line, f - orc
Aim: an orc, wielding a +0 club and wearing a +0 leather armour (60% to hit)
You throw a poisoned dart. The poisoned dart hits the orc.
The orc is poisoned.
Unknown command.
Throw: 5 darts (poison)
Press: ? - help, Q - select action, (/) - cycle Shift-Dir - straight line, f/p - orc
Aim: an orc, wielding a +0 club and wearing a +0 leather armour (lightly wounded, poisoned, 60% to hit)
You throw a poisoned dart. The poisoned dart hits the orc.
The orc is lightly wounded.
Throw: 4 darts (poison)
Press: ? - help, Q - select action, (/) - cycle Shift-Dir - straight line, f/p - orc
Aim: an orc, wielding a +0 club and wearing a +0 leather armour (heavily wounded, poisoned, 60% to hit)
You throw a poisoned dart.
The poisoned dart barely misses the orc.
The poisoned dart completely misses the orc warrior.
Throw: 3 darts (poison)
Press: ? - help, Q - select action, (/) - cycle Shift-Dir - straight line, f/p - orc
Aim: an orc, wielding a +0 club and wearing a +0 leather armour (almost dead, poisoned, 60% to hit)
You throw a poisoned dart. The poisoned dart hits the orc.
The orc looks even sicker.
The orc is almost dead.
You kill the orc!
Throw: 2 darts (poison)
Press: ? - help, Q - select action, (/) - cycle Shift-Dir - straight line, f - orc warrior
Aim: an orc warrior, wielding a +0 arbalest and wearing a +0 plate armour (60% to hit)
You throw a poisoned dart.
The poisoned dart closely misses the orc warrior.
The orc warrior shoots a bolt.
The bolt barely misses you.
Throw: dart (poison)
Press: ? - help, Q - select action, (/) - cycle Shift-Dir - straight line, f/p - orc warrior
Aim: an orc warrior, wielding a +0 arbalest and wearing a +0 plate armour (60% to hit)
You throw a poisoned dart.
The poisoned dart closely misses the orc warrior.
The orc warrior shoots a bolt.
The bolt hits you!!
Ouch! That really hurt!
You die...

#.# ##........... #.#
#......#.... #.#
#........... #.#
#...........
#.#####..........
#.##.........##..
#.##.........###.####
#.##.....##...##....#
#.#########@........#
#.# #..............
#.# #......#.......
#.# #......#.......
#.# ###..)...#...##..
#.# #..o.....#....# .
#.# #........#......
#.# #.(.............
#.###.....#........


You could see an orc warrior.

Vanquished Creatures
  2 adders
  A dart slug (D:1)
  A ribbon worm (D:2)
  2 orcs (D:3)
  A ball python (D:1)
  2 endoplasms (D:1)
  4 goblins
  5 hobgoblins
  3 kobolds
  2 quokkas
  A bat (D:1)
  A frilled lizard (D:2)
  6 rats
31 creatures vanquished.

Notes
Turn   | Place    | Note
-------+----------+-------------------------------------------
     0 | D:1      | dialectric the Spriggan Brigand began the quest for the
                  | Orb.
     0 | D:1      | Reached XP level 1. HP: 10/10 MP: 2/2
    34 | D:1      | Reached skill level 6 in Stealth
    80 | D:1      | Reached XP level 2. HP: 15/15 MP: 3/3
   127 | D:1      | Found a faded altar of an unknown god.
   712 | D:1      | You fall into a shaft and drop 1 floor!
   712 | D:2      | Found Navus's Armour Shop.
   789 | D:2      | Reached XP level 3. HP: 16/18 MP: 4/4
  1430 | D:3      | Noticed an orc warrior
  1462 | D:3      | Shot with a bolt by an orc warrior

Illustrated notes

Levels and vault maps discovered:
D:1:      wander_arrival_desolate, layout_loops_corners,
          shapermc_ecumenical_altar_gd, dk_noncrumbling_4, wad_floor_pattern_1
D:2:      layout_basic, serial_shops, nicolae_shop_hallway_plus
D:3:      minmay_octagon_keep, layout_basic, nicolae_yredelemnul_corpse_copse,
          grunt_ministairs_11

Skill      XL: |  1  2  3 |
---------------+----------+-----
Stealth        | 6 |  6.4
Dodging        | 2 |  2.4
Fighting       | 2 |  2.0
Short Blades   | |  2.8
Throwing       | |  2.5

Action                     || total
---------------------------++-------
  Melee: Dagger            ||    74
  Throw: Dart              ||     9
   Stab: Sleeping          ||    10
 Armour: Robe              ||    25
  Dodge: Dodged            ||    37

Table legend: (Time is in decaauts)
 A = Elapsed time spent in this place.
 B = Non-inter-level travel time spent in this place.
 C = Inter-level travel time spent in this place.
 D = Time resting spent in this place.
 E = Time spent auto-exploring this place.
 F = Levels seen in this place.
 G = Mean time per level.
                   A        B        C        D        E       F      G
               +--------+--------+--------+--------+--------+-----+--------+
         Total |    933 |    921 |     12 |      0 |    704 |   3 |  311.0 |
       Dungeon |    933 |    921 |     12 |      0 |    704 |   3 |  311.0 |
               +--------+--------+--------+--------+--------+-----+--------+

Top non-repeatable levels by time:
     D:1: 457 daAuts
     D:2: 377 daAuts
     D:3: 98 daAuts
